Map: Fields of Death

Players

neulaender - Winner!

  • Race: Zerg Zerg

Baumdoktor - Winner!

  • Race: Protoss Protoss

Echarion

  • Race: Terran Terran
  • League: Silver

Flohock

  • Race: Zerg Zerg
  • League: Bronze

VOD

Have the link to the VOD?

Description

Time

  • Played on: Oct. 16, 2016, 11:55 a.m.
  • Length: 13:03
Show
View Real Time Build Order
Export as new Build Order

neulaender Zerg - Winner!

Build Orders: Hatch First 

Get SALT Encoding   

  12  0:02  Drone  
  13  0:14  Overlord  
  13  0:17  Drone  
  14  0:32  Drone x2  
  16  0:36  Drone  
  17  0:55  Drone  
  18  0:58  Hatchery  
  18  1:03  Drone  
  18  1:06  Extractor  
  17  1:17  Spawning Pool  
  16  1:21  Drone  
  16  1:23  Drone  
  18  1:30  Drone  
  19  1:40  Overlord  
  19  1:56  Drone  
  20  2:02  Drone  
  20  2:04  Queen  
  23  2:09  Queen  
  23  2:10  Drone  
  23  2:12  Drone  
  27  2:19  Metabolic Boost  
  27  2:28  Drone, Spine Crawler  
  27  2:29  Drone  
  28  2:36  Spine Crawler  
  27  2:38  Drone  
  27  2:43  Drone  
  29  2:49  Extractor  
  28  2:51  Drone  
  28  2:53  Drone x2  
  28  2:56  Drone  
  32  3:04  Lair  
  32  3:07  Drone  
  32  3:08  Drone  
  34  3:13  Overlord  
  34  3:20  Drone x2  
  36  3:28  Evolution Chamber  
  36  3:30  Evolution Chamber  
  34  3:36  Roach Warren  
  34  3:38  Drone  
  34  3:40  Drone  
  34  3:41  Drone  
  36  3:43  Drone  
  36  3:46  Drone  
  38  3:54  Overlord  
  38  3:59  Overlord  
  38  4:01  Zerg Missile Weapons Level 1  
  38  4:07  Zerg Ground Armor Level 1  
  38  4:16  Glial Reconstitution  
  38  4:18  Drone x3  
  38  4:19  Drone  
  38  4:23  Extractor  
  41  4:26  Extractor  
  41  4:28  Drone x4  
  44  4:32  Zergling x4  
  46  4:38  Drone x2  
  46  4:39  Drone  
  50  4:45  Drone  
  50  4:51  Roach x2  
  54  4:57  Roach  
  54  4:58  Roach  
  58  5:07  Roach  
  58  5:09  Overlord  
  58  5:10  Overlord x3  
  60  5:14  Burrow  
  60  5:31  Roach x6  
  60  5:35  Tunneling Claws, Roach x2  
  76  5:38  Zergling x2  
  77  5:44  Roach x2  
  77  5:45  Roach  
  83  5:56  Zerg Missile Weapons Level 2  
  83  6:03  Zerg Melee Weapons Level 1  
  83  6:05  Roach  
  83  6:06  Zergling x6  
  88  6:13  Hatchery  
  87  6:20  Roach  
  87  6:21  Roach  
  87  6:22  Zergling x2  
  87  6:24  Overlord  
  92  6:33  Overlord x2  
  92  6:50  Roach  
  92  6:51  Roach x4  
  102  6:57  Roach x23  
  102  6:59  Zergling x2  
  78  7:25  Queen  
  78  7:26  Drone  
  78  7:27  Drone x6  
  78  7:28  Drone  
  68  7:38  Hydralisk Den  
  68  7:41  Drone  
  68  7:44  Drone  
  69  7:57  Zerg Ground Armor Level 2  
  69  7:59  Spire  
  69  8:08  Muscular Augments, Hydralisk  
  69  8:09  Hydralisk x10  
  91  8:14  Hydralisk  
  91  8:19  Roach x2  
  97  8:20  Roach  
  99  8:33  Extractor  
  98  8:37  Extractor  
  98  8:41  Zerg Melee Weapons Level 2  
  97  9:07  Roach  
  97  9:08  Roach x11  
  121  9:30  Zergling x2  
  121  9:31  Roach x3  
  119  9:33  Overlord  
  119  9:34  Overlord x3  
  117  9:41  Zergling x2  
  117  9:42  Zergling x6  
  121  9:52  Zergling x2  
  122  9:54  Zergling x2  
  122  9:55  Zergling x2  
  122  9:56  Zergling x2  
  122  9:57  Zergling x2  
  122  9:58  Zergling x2  
  101  10:22  Zergling x2  
  101  10:24  Hydralisk  
  101  10:25  Hydralisk x15  
  126  10:37  Lurker Den  
  126  10:39  Infestation Pit, Hydralisk  
  126  10:40  Zergling x2  
  126  10:41  Zergling x2  
  129  11:19  Hatchery  
  129  11:20  Hydralisk x7  
  129  11:21  Hydralisk  
  144  11:28  Hive  
  144  11:40  Drone  
  144  11:46  Pathogen Glands  
  145  11:48  Hydralisk x4  
  145  11:52  Overlord  
  149  12:07  Nydus Network  
  148  12:17  Spire  
  148  12:19  Spire  
  145  12:42  Hatchery  
Show
View Real Time Build Order
Export as new Build Order

Baumdoktor Protoss - Winner!

Build Orders: 1 Gate Expand 

Get SALT Encoding   

  12  0:02  Probe (Chrono Boost)  
  13  0:12  Probe (Chrono Boost)  
  14  0:23  Probe (Chrono Boost)  
  14  0:25  Pylon  
  15  0:44  Gateway  
  15  0:47  Probe (Chrono Boost)  
  16  0:58  Probe (Chrono Boost)  
  17  1:13  Nexus  
  17  1:26  Pylon  
  17  1:28  Pylon  
  17  1:32  Probe (Chrono Boost)  
  18  1:39  Cybernetics Core  
  18  1:45  Assimilator  
  18  1:50  Assimilator  
  18  1:52  Probe (Chrono Boost)  
  19  2:00  Zealot  
  21  2:03  Probe (Chrono Boost)  
  22  2:10  Warp Gate  
  22  2:13  Probe (Chrono Boost)  
  23  2:25  Probe (Chrono Boost)  
  25  2:37  Probe (Chrono Boost)  
  25  2:49  Probe (Chrono Boost)  
  26  2:52  Probe (Chrono Boost)  
  27  3:01  Probe (Chrono Boost)  
  27  3:02  Probe (Chrono Boost)  
  29  3:09  Gateway  
  29  3:13  Probe (Chrono Boost)  
  29  3:15  Gateway  
  29  3:18  Pylon  
  30  3:20  Pylon  
  30  3:23  Probe (Chrono Boost)  
  31  3:27  Gateway  
  31  3:28  Gateway  
  31  3:38  Gateway  
  31  3:45  Forge  
  31  3:51  Twilight Council  
  31  4:11  Robotics Facility  
  31  4:14  Probe (Chrono Boost)  
  32  4:17  Probe (Chrono Boost)  
  33  4:25  Assimilator  
  33  4:26  Probe (Chrono Boost)  
  33  4:28  Probe (Chrono Boost)  
  33  4:29  Assimilator  
  35  4:31  Charge  
  37  4:38  Probe x2 (Chrono Boost)  
  37  4:44  Zealot  
  39  4:46  Zealot  
  39  4:49  Probe (Chrono Boost)  
  39  4:51  Adept  
  39  4:52  Mothership Core (Chrono Boost)  
  46  4:56  Stalker  
  48  5:04  Observer  
  49  5:17  Probe (Chrono Boost)  
  50  5:26  Immortal  
  50  5:27  Probe (Chrono Boost)  
  55  5:32  Templar Archives  
  55  5:38  Probe (Chrono Boost)  
  55  5:40  Zealot x4  
  64  5:48  Probe (Chrono Boost)  
  65  5:54  Protoss Ground Weapons Level 1  
  65  5:58  Resonating Glaives  
  65  5:59  Probe (Chrono Boost)  
  66  6:17  Robotics Bay  
  66  6:21  Zealot x2  
  70  6:49  Pylon  
  70  6:54  Pylon  
  70  7:03  Pylon  
  47  7:36  Stalker x5  
  47  7:37  Stalker  
  59  7:39  Protoss Ground Armor Level 1, Blink  
  59  7:48  Extended Thermal Lance  
  59  7:59  Stalker  
  59  8:00  Stalker x4  
  59  8:01  Stalker  
  71  8:07  Probe (Chrono Boost)  
  72  8:18  Probe (Chrono Boost)  
  73  8:25  Stalker x4  
  73  8:26  Stalker x2  
  85  8:28  Probe (Chrono Boost)  
  86  8:39  Nexus  
  86  8:49  Stalker x4  
  94  8:57  Pylon  
  94  8:59  Pylon  
  94  9:02  Pylon  
  94  9:05  Assimilator  
  94  9:09  Assimilator  
  92  9:15  Protoss Ground Weapons Level 2  
  70  9:36  Stalker  
  70  9:37  Stalker x5  
  78  9:53  Probe (Chrono Boost)  
  79  10:04  Probe (Chrono Boost)  
  80  10:08  Stalker x3  
  80  10:09  Stalker x2  
  91  10:14  Probe (Chrono Boost)  
  91  10:25  Probe (Chrono Boost)  
  92  10:35  Probe (Chrono Boost)  
  93  10:37  Stalker x3  
  93  10:38  Stalker x3  
  105  11:14  High Templar x4, Pylon  
  105  11:15  High Templar x2  
  117  11:19  Pylon  
  117  11:21  Archon x2  
  117  11:22  Archon  
  117  11:25  Pylon  
  117  11:35  Pylon  
  117  11:47  Zealot  
  117  11:48  Zealot x5  
Show
View Real Time Build Order
Export as new Build Order

Echarion Terran 

Build Orders: MMM Bio 

Get SALT Encoding   

  12  0:00  SCV  
  13  0:13  SCV  
  14  0:19  Supply Depot  
  14  0:25  SCV  
  15  0:42  Barracks  
  15  0:44  SCV  
  16  0:51  Barracks  
  16  0:56  SCV  
  17  1:03  Refinery  
  17  1:10  Supply Depot  
  17  1:15  SCV  
  18  1:27  SCV  
  19  1:36  Marine  
  19  1:39  Marine  
  21  1:44  Refinery  
  21  1:47  SCV  
  22  1:59  Marine  
  22  2:00  Marine  
  24  2:02  SCV  
  25  2:14  SCV  
  26  2:23  Command Center  
  26  2:24  Marine  
  26  2:27  Marine  
  28  2:32  SCV  
  29  2:47  Factory  
  29  2:50  SCV  
  30  2:53  Barracks Tech Lab  
  30  2:59  Supply Depot  
  30  3:01  Barracks Reactor  
  30  3:08  SCV  
  31  3:20  Marine  
  32  3:38  Factory Reactor, Marine  
  32  3:39  Marine x2  
  35  3:46  Starport, SCV  
  36  3:50  SCV  
  36  3:55  Combat Shields  
  37  3:56  Marine  
  37  3:58  SCV  
  39  4:04  Engineering Bay  
  39  4:08  Marine  
  40  4:10  Marine, SCV  
  42  4:18  Widow Mine x2  
  42  4:22  SCV  
  47  4:27  Marauder  
  49  4:33  Marine  
  49  4:34  SCV, Marine  
  52  4:40  Supply Depot  
  52  4:46  SCV  
  53  5:03  Terran Infantry Weapons Level 1  
  53  5:04  Marine x3  
  53  5:06  Widow Mine x2  
  56  5:10  Starport Reactor  
  60  5:15  SCV  
  60  5:16  Armory  
  60  5:18  Refinery  
  61  5:22  Supply Depot, Marine  
  62  5:29  Orbital Command  
  62  5:34  Stimpack  
  62  5:36  Liberator  
  62  5:42  Supply Depot  
  62  5:44  SCV  
  63  5:51  Hellion x2  
  70  6:01  SCV  
  71  6:06  Supply Depot  
  71  6:11  Marine x3  
  73  6:13  SCV  
  73  6:14  Liberator  
  73  6:15  Hellion  
  77  6:19  SCV  
  77  6:23  Refinery  
  78  6:27  Liberator  
  78  6:29  Marauder  
  78  6:31  SCV  
  87  6:55  Armory  
  87  6:56  SCV  
  87  6:57  Terran Infantry Armor Level 1  
  88  7:08  SCV  
  84  7:20  Liberator, SCV  
  83  7:35  Medivac  
  87  7:40  Hellion x2  
  92  7:44  Marine x2  
  94  7:51  Supply Depot  
  94  7:56  Liberator  
  94  8:13  Marine x3  
  94  8:14  Supply Depot  
  94  8:17  Command Center  
  100  8:27  Starport  
  100  8:36  Marine x2  
  100  8:37  Marine  
  103  8:45  Sensor Tower  
  103  8:49  Hellion x2  
  103  8:54  Marine x2  
  109  9:06  Starport Reactor, Liberator  
  109  9:07  Liberator  
  109  9:20  Hellion  
  109  9:21  Hellion  
  104  9:32  Marine  
  104  9:33  Marine x2  
  105  9:42  Hellion  
  107  9:50  Marine x3  
  88  10:18  Liberator x3  
  88  10:19  Liberator  
  74  10:32  Marine x3  
  89  10:48  Hellion  
  89  10:49  Hellion, Marine  
  93  10:50  Marine x2  
  93  10:52  SCV  
  97  11:01  Liberator  
  97  11:03  Terran Vehicle Weapons Level 1, Terran Vehicle And Ship Armor Level 1  
  97  11:04  SCV  
  97  11:07  Marine x2  
  97  11:08  Starport, Marine  
  97  11:10  Hellion x2  
  105  11:14  Refinery  
  105  11:16  SCV  
  105  11:18  Refinery  
  106  11:25  Marine x3  
  109  11:28  SCV  
  109  11:29  Barracks  
  109  11:31  Hellion x2  
  117  11:40  SCV  
  117  11:43  Marine x3  
  121  11:53  Hellion x2  
  125  11:54  Supply Depot  
  125  11:59  Supply Depot  
  125  12:02  Missile Turret  
  125  12:15  Marine x3  
  125  12:16  Hellion x2, SCV  
  125  12:17  Barracks  
  132  12:33  Marine x2  
Show
View Real Time Build Order
Export as new Build Order

Flohock Zerg 

Build Orders: Pool First 

Get SALT Encoding   

  12  0:02  Drone  
  13  0:12  Overlord  
  13  0:21  Drone  
  14  0:29  Drone, Extractor  
  14  0:35  Drone x2  
  16  0:52  Spawning Pool  
  16  0:53  Drone  
  16  0:58  Drone  
  17  1:07  Drone  
  18  1:17  Overlord  
  18  1:30  Drone  
  19  1:42  Drone  
  19  1:46  Queen  
  22  1:53  Hatchery  
  21  2:12  Drone, Roach Warren  
  21  2:13  Drone x2  
  23  2:18  Extractor  
  22  2:26  Zergling x2  
  23  2:34  Zergling x2  
  24  2:47  Evolution Chamber  
  24  2:49  Lair  
  23  2:52  Drone  
  24  3:09  Roach x3  
  30  3:20  Roach  
  32  3:28  Roach  
  34  3:42  Drone  
  34  3:50  Drone  
  35  4:17  Zerg Ground Armor Level 1  
  35  4:30  Overlord x2  
  35  4:39  Extractor  
  35  4:44  Glial Reconstitution  
  34  4:49  Roach x2  
  34  4:50  Roach x2  
  42  4:55  Overlord  
  42  4:57  Roach x2  
  46  5:09  Drone  
  46  5:12  Queen  
  49  5:15  Overlord  
  49  5:21  Overseer x2  
  49  5:33  Drone x3  
  52  5:39  Drone  
  52  5:41  Extractor  
  52  5:44  Drone x3  
  55  5:53  Ravager x2  
  55  5:56  Roach x3  
  63  6:00  Overlord x2  
  63  6:08  Drone x2  
  65  6:15  Drone  
  66  6:28  Ravager  
  66  6:29  Ravager x2  
  66  6:31  Zergling x6  
  66  6:32  Zergling x4  
  73  6:46  Roach x4  
  81  6:49  Zerg Missile Weapons Level 1  
  81  7:02  Spire  
  81  7:07  Drone x3  
  83  7:10  Overlord  
  76  7:37  Roach  
  76  7:38  Roach x5  
  88  7:52  Zergling x4  
  90  8:04  Overseer  
  90  8:06  Drone  
  91  8:17  Overlord x2  
  91  8:18  Overlord  
  91  8:47  Mutalisk x5  
  99  8:49  Hatchery  
  99  8:51  Drone  
  99  9:09  Ravager x3  
  102  9:10  Mutalisk x2  
  102  9:11  Mutalisk  
  106  9:31  Mutalisk x4  
  52  9:44  Mutalisk  
  54  9:47  Roach x2  
  54  9:48  Roach  
  56  10:16  Extractor  
  56  10:17  Roach x5  
  56  10:18  Roach  
  61  10:33  Overseer  
  61  10:37  Zergling x4  
  61  10:39  Mutalisk x2  
  67  10:50  Drone x2  
  67  10:53  Drone x2  
  67  10:54  Drone  
  72  11:17  Drone x2  
  72  11:18  Drone x2  
  76  11:27  Overlord  
  76  11:30  Drone  
  76  11:31  Drone  
  78  11:33  Drone  
  79  11:43  Drone x3  
  79  11:44  Drone  
  79  11:46  Drone  
  84  12:00  Drone  
  84  12:01  Drone x3  
  88  12:02  Mutalisk  
  90  12:17  Mutalisk x4  
  90  12:18  Mutalisk  
  100  12:29  Zergling x8  
  103  12:30  Zergling x6  
Tags
 
Add a new tag
Caveats
  • Supply blocks, unpowered buildings, or Contaminate may cause inaccurate times.
  • Supply counts are checked every 10 seconds.